 Dungeon Crawl Stone Soup version bcrawl-1.21.3 (webtiles) character file.

Game seed: 4428835596160391344

23 Flugslaktarn the Sneak (level 2, -1/18 HPs)
             Began as a Skeleton Archaeologist on Mar 30, 2020.
             Slain by an adder (3 damage)
             ... on level 2 of the Dungeon.
             The game lasted 00:00:37 (1059 turns).

Flugslaktarn the Sneak (Skeleton Archaeologist)     Turns: 1059, Time: 00:00:38

Health: -1/18      AC:  7    Str: 16 (17) XL:     2   Next: 75%
Magic:  0/2        EV: 12    Int: 10 (12) God:
Gold:   81         SH:  0    Dex:  6 (7)  Spells: 1/1 levels left

rFire    . . .     SeeInvis .   a - +0 whip
rCold    + . .     Gourm    .   (no shield)
rNeg     + + +     Faith    .   b - +1 robe
rPois    ∞         Spirit   +   l - +1 helmet
rElec    .         Reflect  .   (no cloak)
rCorr    +         Harm     .   (no gloves)
MR       .....                  d - +1 pair of boots
Stlth    ++........             (no amulet)
HPRegen  0.06/turn              h - ring of flight
MPRegen  0.08/turn              k - ring of resist corrosion

@: no status effects
A: no food or potions, cold resistance 1, deterioration 1, negative energy
resistance 3, torment resistance, unbreathing, magic shield, sturdy frame 1,
spell healing
a: Evoke Flight


You were on level 2 of the Dungeon.
You were not hungry.

You visited 1 branch of the dungeon, and saw 2 of its levels.

You collected 81 gold pieces.

Inventory:

Hand Weapons
 a - a +0 whip (weapon)
Armour
 b - a +1 robe (worn)
 c - a +1 hat
 d - a +1 pair of boots (worn)
 l - a +1 helmet (worn)
   (You found it on level 1 of the Dungeon)
Jewellery
 h - a ring of flight (left hand)
   (You found it on level 1 of the Dungeon)
 k - a ring of resist corrosion (right hand)
   (You found it on level 1 of the Dungeon)
Scrolls
 e - 2 scrolls of magic mapping
 g - a scroll of fog {unknown}
 i - a scroll of identify {unknown}
 j - a scroll of remove curse {unknown}
Miscellaneous
 f - a dusty tome


   Skills:
 + Level 2.8 Fighting
 - Level 1.2 Maces & Flails
 - Level 3.0 Dodging
 - Level 3.6 Stealth


You had one spell level left.
You didn't know any spells.
Your spell library was empty.

Dungeon Overview and Level Annotations

Branches:
Dungeon (2/12)

Altars:


Innate Abilities, Weirdness & Mutations

You do not eat or drink.
You are immune to poison.
Your flesh is cold resistant. (rC+)
Your body sometimes deteriorates upon taking damage.
You are immune to negative energy. (rN+++)
You are immune to unholy pain and torment.
You can survive without breathing.
When hurt, damage is shared between your health and your magic reserves.
Your movements are slightly less encumbered by armour. (ER -2)
Casting spells heals you.


Message History

The adder barely misses you. The leopard gecko closely misses you.
You hit the adder.
The adder is severely wounded.
The adder closely misses you. The leopard gecko bites you.
You hit the adder.
The adder is almost dead.
The adder closely misses you. The leopard gecko misses you.
The adder bites you.
* * * LOW HITPOINT WARNING * * *
Your body deteriorates!
You feel clumsy. The leopard gecko bites you.
* * * LOW HITPOINT WARNING * * *
You are too injured to fight recklessly!
You are too injured to fight recklessly!
The adder bites you.
* * * LOW HITPOINT WARNING * * *
You miss the adder.
The adder is severely wounded.
The adder misses you. The adder bites you.
You die...

# ..#######.. ..
#.......... ..?
>......... #..##.......
#......... ##.......#
[........#
.........##########
.........lS@......#
.......#...######.#
...#..##...# #.# .....#
#...# ##.#########
.#... #...#
##......<...## ....
#...# ##............#
..
....###............<.
......................
#..######..............


You could see an adder and a leopard gecko.

Vanquished Creatures
  A worm (D:1)
  A dart slug (D:1)
  2 bats (D:1)
  3 giant cockroaches (D:1)
  2 goblins (D:1)
  A hobgoblin (D:1)
  3 jackals (D:1)
  A ball python (D:1)
  A frilled lizard (D:1)
  3 rats
18 creatures vanquished.

Notes
Turn   | Place    | Note
-------+----------+-------------------------------------------
     0 | D:1      | Flugslaktarn the Skeleton Archaeologist began the quest for
                  | the Orb.
     0 | D:1      | Reached XP level 1. HP: 12/12 MP: 1/1
   366 | D:1      | Reached XP level 2. HP: 10/17 MP: 2/2
  1059 | D:2      | Slain by an adder

Skill      XL: |  1 |
---------------+----+-----
Fighting       | 2 |  2.8
Maces & Flails | |  1.2
Dodging        | |  3.0
Stealth        | |  3.6

Action                   || total
-------------------------++-------
Melee: Whip              ||    87
 Stab: Sleeping          ||     3
Armor: Robe              ||    51
Dodge: Dodged            ||    89
